 Dungeon Crawl Stone Soup version 0.31-a0-204-g7da18cac08 (webtiles) character file.

Game seed: 15948046900202888060

61 qw the Shooter (level 3, 0/20 HPs)
             Began as a Deep Elf Hunter on June 27, 2023.
             Slain by a gnoll
             ... wielding a +0 halberd
              (11 damage)
             ... on level 3 of the Dungeon.
             The game lasted 00:00:32 (1999 turns).

qw the Shooter (Deep Elf Hunter)                    Turns: 1999, Time: 00:00:32

Health: 0/20       AC:  3    Str: 10    XL:     3   Next: 83%
Magic:  5/5        EV:  6    Int: 13    God:
Gold:   99         SH:  0    Dex: 18    Spells: 2/2 levels left

rFire   . . .        Y - +2 shortbow
rCold   . . .        (shield currently unavailable)
rNeg    . . .        c - +0 leather armour
rPois   .            (no helmet)
rElec   .            (no cloak)
rCorr   .            (no gloves)
SInv    +            (no boots)
Will    .....        (no amulet)
Stlth   ++           f - ring of see invisible
HPRegen 0.23/turn    (no ring)
MPRegen 0.09/turn

%: no passive effects
@: held
A: no striking features
a: no special abilities


You were on level 3 of the Dungeon.
You visited 1 branch of the dungeon, and saw 3 of its levels.

You collected 99 gold pieces.


   Skills:
 - Level 1.5 Fighting
 + Level 7.3 Ranged Weapons
 - Level 2.4 Dodging
 - Level 1.2 Stealth


You had 2 spell levels left.
You didn't know any spells.
Your spell library was empty.

Inventory:

Hand Weapons
 Y - a +2 shortbow (weapon)
Armour
 c - a +0 leather armour (worn)
Jewellery
 f - a ring of see invisible (left hand)
Scrolls
 b - 2 scrolls of identify
 h - a scroll of teleportation {unknown}
Potions
 a - 2 potions of curing
 e - a potion of enlightenment {unknown}
 g - a potion of lignification {unknown}

Dungeon Overview and Level Annotations

Branches:
Dungeon (3/15)

Altars:
Ashenzari

Annotations:
D:3 Jessica


Message History

1984 ||| Stepping ~*~*~tactically~*~*~ (outnumbered).
A gnoll comes into view. It is wielding a +0 club.
You shoot an arrow. The gnoll shouts!
The arrow hits the gnoll!
You kill the gnoll!
The gnoll throws a throwing net.
The throwing net hits you.
You become entangled in the net!
Your Ranged Weapons skill increases to level 7!
You struggle against the net.
You tear a large gash into the net.
Jessica shouts!
The gnoll hits you from afar with a +0 halberd!
Ouch! That really hurt!
You struggle against the net.
The gnoll closely misses you.
You struggle against the net.
You shred the net and break free! You shoot an arrow. The arrow hits the gnoll.
The gnoll is moderately wounded.
You shoot an arrow. The arrow hits the gnoll!
You kill the gnoll!
The gnoll hits you from afar with a +0 halberd!
1994 ||| DRINKING potion of heal wounds.
You feel much better. The gnoll misses you.
1995 ||| Stepping ~*~*~tactically~*~*~ (outnumbered).
You shoot an arrow. The arrow closely misses the gnoll.
The gnoll hits you from afar with a +0 halberd!
You shoot an arrow. The arrow hits the gnoll.
The gnoll is lightly wounded.
The gnoll throws a throwing net.
The throwing net hits you.
You become entangled in the net!
You struggle against the net.
The gnoll hits you from afar with a +0 halberd.
Jessica closely misses you.
You tear a large gash into the net.
The gnoll hits you from afar with a +0 halberd!
Ouch! That really hurt!
You die...

#. ... #. ... ##.
# ... .. .# ##.
#@ ##.### #.
#.##)....# #.
#.g....$.. #
..#######@.....$#
#.
........@.#.....#
#. .#######..#
....# #> #..#
#### #. #..# #.
#..# #.
#######..# ##
.........# #
########.# # #.#
#


You could see a gnoll and Jessica.

Vanquished Creatures
  2 gnolls (D:3)
  2 dart slugs (D:1)
  7 ball pythons
  3 bats (D:1)
  2 endoplasms
  2 giant cockroaches
  4 goblins
  2 hobgoblins
  2 jackals (D:1)
  A quokka (D:1)
  4 frilled lizards
  4 kobolds
  3 rats
38 creatures vanquished.

Notes
Turn   | Place    | Note
-------+----------+-------------------------------------------
     0 | D:1      | qw the Deep Elf Hunter began the quest for the Orb.
     0 | D:1      | Reached XP level 1. HP: 12/12 MP: 3/3
     0 | D:1      | 0 ||| qw: Version: 0.3-a-22-g0ed2b0b
     0 | D:1      | 0 ||| qw: Game counter: 6602
     0 | D:1      | 0 ||| qw: Melee chars always use a shield: true
     0 | D:1      | 0 ||| qw: God list: Okawaru
     0 | D:1      | 0 ||| qw: Allow faded altars: false
     0 | D:1      | 0 ||| qw: Do Orc after clearing Dungeon:15 true
     0 | D:1      | 0 ||| qw: Do second Lair branch before Depths: true
     0 | D:1      | 0 ||| qw: Lair rune preference: random
     0 | D:1      | 0 ||| qw: Goals: Normal
     0 | D:1      | 0 ||| PLANNING D:1-11
   266 | D:1      | Reached XP level 2. HP: 9/16 MP: 4/4
   305 | D:1      | Reached skill level 6 in Ranged Weapons
   599 | D:1      | Reached XP level 3. HP: 20/20 MP: 5/5
   914 | D:1      | 914 ||| READING scroll labelled LUPAOMP HOCU.
   915 | D:1      | 915 ||| READING scroll labelled ADUNEF LIWKER.
   916 | D:1      | 916 ||| READING scroll labelled JIARGH QOTE.
   917 | D:1      | 917 ||| READING scroll labelled ESUFAO SU AKLU.
   918 | D:1      | 918 ||| DROPPING scroll of butterflies.
  1123 | D:2      | 1123 ||| READING scroll of enchant weapon.
  1123 | D:2      | 1123 ||| ENCHANTING +1 shortbow.
  1684 | D:2      | 1684 ||| UPGRADING to ring of see invisible.
  1685 | D:2      | 1685 ||| READING scroll labelled QEOLOL FEDU.
  1686 | D:2      | 1686 ||| DRINKING 2 brown potions.
  1687 | D:2      | 1687 ||| READING 2 scrolls of identify.
  1687 | D:2      | 1687 ||| IDENTIFYING sapphire potion
  1763 | D:3      | Found a broken altar of Ashenzari.
  1983 | D:3      | Noticed Jessica
  1984 | D:3      | 1984 ||| Stepping ~*~*~tactically~*~*~ (outnumbered).
  1987 | D:3      | Reached skill level 7 in Ranged Weapons
  1993 | D:3      | HP: 4/20 [gnoll/+0 halberd (7)]
  1994 | D:3      | 1994 ||| DRINKING potion of heal wounds.
  1995 | D:3      | 1995 ||| Stepping ~*~*~tactically~*~*~ (outnumbered).
  1999 | D:3      | Slain by a gnoll

Levels and vault maps discovered:
D:1:      dpeg_arrival_houses_and_road, layout_loops_corners
D:2:      layout_basic, minmay_door_square
D:3:      layout_loops_ring, lemuel_doored_altar,
          gammafunk_temple_overflow_elements, roderic_three_in_a_row,
          minmay_snake_closets, uniq_sigmund, uniq_jessica

Skill      XL: |  1  2  3 |
---------------+----------+-----
Ranged Weapons | 6 7 |  7.3
Fighting       | |  1.5
Dodging        | |  2.4
Stealth        | |  1.2

Action                     || total
---------------------------++-------
   Fire: Shortbow          ||    97
    Use: Scroll            ||     7
         Potion            ||     2
 Armour: Leather armour    ||     9
  Dodge: Dodged            ||    14

Table legend:
 A = Non-vault XP
 B = Vault XP
 C = Vault XP percentage of total XP
 D = Non-vault monster count
 E = Vault monster count
 F = Vault count percentage of total count
                 A         B        C        D         E       F
            +---------+---------+-------+---------+---------+-------
      Total |      88 |       0 |   0.0 |      38 |       0 |   0.0
            +---------+---------+-------+---------+---------+-------
        D:1 |      47 |       0 |   0.0 |      26 |       0 |   0.0
        D:2 |      11 |       0 |   0.0 |       8 |       0 |   0.0
        D:3 |      30 |       0 |   0.0 |       4 |       0 |   0.0
            +---------+---------+-------+---------+---------+-------
